 Dungeon Crawl Stone Soup version 0.29.0-5-ge4962eb29e (webtiles) character file.

Game seed: 18120455398823422107

12 freelancePsychic the Magician (level 2, 0/20 HPs)
             Began as a Meteoran Hedge Wizard on Aug 29, 2022.
             Slain by a frilled lizard (3 damage)
             ... on level 1 of the Dungeon.
             The game lasted 00:00:47 (281 turns).

freelancePsychic the Magician (MeHW)                 Turns: 281, Time: 00:00:48

Health: 0/20       AC:  2    Str: 11    XL:     2   Next: 64%
Magic:  0/8        EV: 12    Int: 15    God:
Gold:   31         SH:  0    Dex: 13    Spells: 8/9 levels left

rFire   . . .      SeeInvis .   a - +0 dagger
rCold   . . .      Faith    .   (no shield)
rNeg    . . .      Spirit   .   b - +0 robe
rPois   .          Reflect  .   c - +0 hat
rElec   .          Harm     .   (no cloak)
rCorr   .          Rampage  .   (no gloves)
Will    .....                   (no boots)
Stlth   +.........              (no amulet)
HPRegen 0.06/turn               (no ring)
MPRegen 0.11/turn               (no ring)

@: very slightly contaminated, glowing
A: sense surroundings 1, otherworldly, glowing, explore regen
a: no special abilities


You were on level 1 of the Dungeon.
You visited 1 branch of the dungeon, and saw 1 of its levels.

You collected 31 gold pieces.

Inventory:

Hand Weapons
 a - a +0 dagger (weapon)
Armour
 b - a +0 robe (worn)
 c - a +0 hat (worn)
Scrolls
 e - a scroll of identify {unknown}
 f - a scroll of noise {unknown}
Potions
 d - a potion of haste {unknown}


   Skills:
 - Level 2.4 Dodging
 - Level 1.4 Stealth
 - Level 4.0 Spellcasting
 + Level 1.8 Conjurations
 - Level 1.2 Summonings
 - Level 1.2 Translocations
 + Level 1.1 Air Magic
 + Level 1.1 Poison Magic


You had 8 spell levels left.
You knew the following spells:

 Your Spells              Type           Power      Damage    Failure   Level
a - Magic Dart            Conj           32%        1d4       9%          1

Your spell library contained the following spells:

 Spells                   Type           Power      Damage    Failure   Level
 Blink                    Tloc           12%        N/A       16%         2
 Call Imp                 Summ           6%         N/A       16%         2
 Slow                     Hex            12%        N/A       19%         1
 Mephitic Cloud           Conj/Pois/Air  7%         N/A       30%         3
 Conjure Flame            Conj/Fire      5%         6-21      36%         3


Dungeon Overview and Level Annotations

Branches:
Dungeon (1/15) Zot: 317

Altars:


Innate Abilities, Weirdness & Mutations

You passively map a small area around you.
You are easily found by Zot.
You glow in the dark.
You regain HP and MP as you explore.


Message History

The quokka bites you. The frilled lizard closely misses you.
The quokka bites you.
Casting: Magic Dart (safe; 9% risk of failure)
Confirm with . or Enter, or press ? or * to list all spells.
Aiming: Magic Dart (safe; 9% risk of failure)
Press: ? - help, Shift-Dir - straight line, f/p - quokka
Aim: a quokka (severely wounded, 100% to hit)
The magic dart hits the quokka but does no damage.
The quokka is severely wounded.
The frilled lizard misses you. The quokka barely misses you.
Unknown command.
Casting: Magic Dart (safe; 9% risk of failure)
Confirm with . or Enter, or press ? or * to list all spells.
Aiming: Magic Dart (safe; 9% risk of failure)
Press: ? - help, Shift-Dir - straight line, f/p - quokka
Aim: a quokka (severely wounded, 100% to hit)
The magic dart hits the quokka.
The quokka is almost dead.
The frilled lizard bites you. The quokka bites you.
Casting: Magic Dart (safe; 9% risk of failure)
Confirm with . or Enter, or press ? or * to list all spells.
Aiming: Magic Dart (safe; 9% risk of failure)
Press: ? - help, Shift-Dir - straight line, f/p - quokka
Aim: a quokka (almost dead, 100% to hit)
The magic dart hits the quokka but does no damage.
The quokka is almost dead.
The quokka bites you.
* * * LOW HITPOINT WARNING * * *
The frilled lizard bites you but does no damage.
Casting: Magic Dart (safe; 9% risk of failure)
Confirm with . or Enter, or press ? or * to list all spells.
Aiming: Magic Dart (safe; 9% risk of failure)
Press: ? - help, Shift-Dir - straight line, f/p - quokka
Aim: a quokka (severely wounded, 100% to hit)
The magic dart hits the quokka.
The quokka is almost dead.
The quokka bites you.
* * * LOW HITPOINT WARNING * * *
The frilled lizard bites you.
You die...

#..# *#*..# ##########
##....# #........# #..
#.# #........# #.# #.#
#
#........#####.###.####
#......................
#................#.####
#.....@.........##..#
#....lr.........###.#
#.....†.........# *..*
#...............# #.##
######.###....### *...
,...#...#### ...
......#.# . ,..........
** ,,,. * .......... ,
,


You could see a quokka and a frilled lizard.

Vanquished Creatures
  A dart slug (D:1)
  3 hobgoblins (D:1)
  A quokka (D:1)
  2 ball pythons (D:1)
  A bat (D:1)
  3 frilled lizards (D:1)
11 creatures vanquished.

Notes
Turn   | Place    | Note
-------+----------+-------------------------------------------
     0 | D:1      | freelancePsychic the Meteoran Hedge Wizard began the quest
                  | for the Orb.
     0 | D:1      | Reached XP level 1. HP: 14/14 MP: 6/6
   216 | D:1      | Reached XP level 2. HP: 20/20 MP: 4/8
   227 | D:1      | Reached skill level 1 in Poison Magic
   235 | D:1      | Reached skill level 1 in Air Magic
   281 | D:1      | Slain by a frilled lizard

Illustrated notes

Levels and vault maps discovered:
D:1:      evilmike_arrival_crescent, layout_rooms, minmay_small_reverse_x

Skill      XL: |  1  2 |
---------------+-------+-----
Poison Magic   | 1 |  1.1
Air Magic      | 1 |  1.1
Dodging        | |  2.4
Stealth        | |  1.4
Spellcasting   | |  4.0
Conjurations   | |  1.8
Summonings     | |  1.2
Translocations | |  1.2

Action                   || total
-------------------------++-------
Melee: Dagger            ||     3
 Cast: Magic Dart        ||    38
  Use: Potion            ||     1
Armor: Robe              ||     2
Dodge: Dodged            ||     9
